 Dungeon Crawl Stone Soup version 0.31-a0-466-g98c9adc2b6 (webtiles) character file.

Game seed: 2405928957472849327

513 Sabo the Chopper (level 7, -4/52 HPs)
             Began as a Demonspawn Gladiator on Aug 5, 2023.
             Slain by a bullfrog (7 damage)
             ... in a sewer.
             The game lasted 00:23:10 (4065 turns).

Sabo the Chopper (Demonspawn Gladiator)             Turns: 4065, Time: 00:23:10

Health: -4/52      AC: 16    Str: 17    XL:     7   Next: 0%
Magic:  0/7        EV:  3    Int:  9    God:
Gold:   149        SH:  0    Dex: 14    Spells: 6/6 levels left

rFire   . . .        a - +0 war axe
rCold   + . .        (no shield)
rNeg    . . .        f - +0 plate armour
rPois   .            g - +0 helmet
rElec   .            q - +0 cloak
rCorr   .            (no gloves)
SInv    .            v - +0 pair of boots
Will    .....        o - amulet of guardian spirit Stlth
                     p - ring of protection from cold
HPRegen 0.28/turn    (no ring)
MPRegen 0.10/turn

%: guardian spirit
@: weak-willed, constricted, very slow
A: molten scales 1, weakness stinger 1
a: no special abilities


You were in a sewer.
You visited 1 branch of the dungeon, and saw 4 of its levels.
You also visited: Sewer.

You collected 169 gold pieces.
You spent 20 gold pieces at shops.

Inventory:

Hand Weapons
 a - a +0 war axe (weapon)
 m - a +2 quarterstaff of chaos
 r - a +1 great sword of protection
Missiles
 d - a throwing net (quivered)
 e - 3 javelins
 k - 8 poisoned darts
 s - 5 boomerangs
Armour
 f - a +0 plate armour (worn)
 g - a +0 helmet (worn)
 q - a +0 cloak (worn)
 v - a +0 pair of boots (worn)
Jewellery
 o - an amulet of guardian spirit (around neck)
 p - a ring of protection from cold (left hand)
Scrolls
 l - 2 scrolls of vulnerability
 t - a scroll of enchant armour {unknown}
 u - a scroll of poison {unknown}
 w - a scroll of enchant weapon
Potions
 b - 2 potions of ambrosia {unknown}
 c - 2 potions of heal wounds {unknown}
 h - 3 potions of haste {unknown}
 n - a potion of brilliance {unknown}


   Skills:
 + Level 3.4 Fighting
 + Level 2.3 Long Blades
 + Level 4.3 Axes
 + Level 2.0 Throwing
 + Level 2.8 Armour
 + Level 3.3 Dodging
 + Level 1.8 Stealth


You had 6 spell levels left.
You didn't know any spells.
Your spell library contained the following spells:

 Spells                   Type           Power      Damage    Failure   Level
 Portal Projectile        Hex/Tloc       0%         N/A       100%        3
 Tukima's Dance           Hex            0%         N/A       100%        3
 Iskenderun's Mystic Bla  Conj/Tloc      0%         2d3       100%        4


Dungeon Overview and Level Annotations

Branches:
Dungeon (4/15)              Sewer (1/1)
 Temple: D:4-7

Altars:
Wu Jian

Shops:
D:4 ?


Innate Abilities, Weirdness & Mutations

You are partially covered in molten scales. (AC +2)
You have a small tail.


Message History

You closely miss the ball python. The bullfrog hits you.
* * * LOW HITPOINT WARNING * * *
The bullfrog hits you but does no damage.
The ball python bites you but does no damage. x2
The ball python barely misses you. The ball python constricts you.
* * * LOW HITPOINT WARNING * * *
The ball python bites you.
* * * LOW HITPOINT WARNING * * *
The bullfrog hits you but does no damage.
The bullfrog hits you.
* * * LOW HITPOINT WARNING * * *
The ball python barely misses you. The ball python constricts you.
The ball python barely misses you.
The ball python bites you but does no damage.
You feel better. The bullfrog barely misses you.
The ball python bites you but does no damage.
The bullfrog hits you.
* * * LOW HITPOINT WARNING * * *
The ball python bites you but does no damage. x2
The ball python constricts you.
The ball python bites you but does no damage.
The bullfrog hits you but does no damage.
As you read the scroll labelled AGYULIPH QOETO, it crumbles to dust.
Magic quickly surges around you.
It was a scroll of vulnerability.
The bullfrog hits you but does no damage.
The ball python bites you but does no damage.
The bullfrog hits you.
* * * LOW HITPOINT WARNING * * *
The ball python bites you but does no damage. x2
The ball python constricts you.
The ball python bites you but does no damage.
The bullfrog hits you but does no damage.
The ball python bites you.
* * * LOW HITPOINT WARNING * * *
Blink to where?
Press: ? - help, Dir - move target The ball python's grasp on you weakens, but your attempt to escape fails.
As you read the scroll of blinking, it crumbles to dust.
The bullfrog hits you!
You die...

..##### ...'..# ...#..#
...####
....####################
..†...~≈≈≈≈≈≈≈≈≈≈≈≈≈≈...
#.....~≈~~~≈≈≈≈≈~≈≈~~...
#.....~~~~≈≈~≈≈SFFJ~≈...
#.....~≈≈~~~#≈≈S@S≈~~...
##....≈≈≈≈≈≈~..S≈≈~≈≈...
###..~≈≈≈≈≈≈~~≈~≈≈≈≈#..
###################


You could see 2 bullfrogs, an endoplasm (weak-willed) and 4 ball pythons.

Vanquished Creatures
  Sigmund (D:2)
  A hound (D:3)
  Crazy Yiuf (D:3)
  Robin (D:3)
  10 adders
  A gnoll (D:1)
  5 river rats (Sewer)
  2 worms (D:3)
  4 dart slugs (D:2)
  An orc (D:3)
  18 ball pythons
  11 bats
  5 endoplasms
  9 giant cockroaches
  13 goblins
  15 hobgoblins
  5 jackals
  3 quokkas
  2 frilled lizards
  A kobold (D:2)
  17 rats
126 creatures vanquished.

Notes
Turn   | Place    | Note
-------+----------+-------------------------------------------
     0 | D:1      | Sabo the Demonspawn Gladiator began the quest for the Orb.
     0 | D:1      | Reached XP level 1. HP: 16/16 MP: 1/1
   332 | D:1      | Gained mutation: You have a small tail. [demonic ancestry]
   332 | D:1      | Reached XP level 2. HP: 18/22 MP: 2/2
   464 | D:1      | Reached skill level 3 in Axes
   984 | D:1      | Reached XP level 3. HP: 23/28 MP: 3/3
  1066 | D:2      | You fall into a shaft and drop 1 floor!
  1103 | D:3      | Reached skill level 1 in Armour
  1138 | D:3      | Gained mutation: You are partially covered in molten
                  | scales. (AC +2) [demonic ancestry]
  1138 | D:3      | Reached XP level 4. HP: 34/34 MP: 4/4
  1370 | D:2      | Noticed Sigmund
  1378 | D:2      | Killed Sigmund
  1379 | D:2      | Reached skill level 4 in Axes
  1379 | D:2      | Reached skill level 1 in Stealth
  1379 | D:2      | Reached XP level 5. HP: 32/41 MP: 5/5
  1491 | D:2      | Reached XP level 6. HP: 41/47 MP: 6/6
  2186 | D:3      | Noticed Robin
  2202 | D:3      | Killed Robin
  2434 | D:3      | Found an ornate altar of the Wu Jian Council.
  2442 | D:3      | Noticed a spectral centipede
  2442 | D:3      | Noticed a spectral black mamba
  2442 | D:3      | Noticed a spectral cane toad
  2753 | D:3      | Found a runed translucent door.
  2754 | D:3      | Noticed Crazy Yiuf
  2763 | D:3      | Killed Crazy Yiuf
  2764 | D:3      | Reached skill level 1 in Long Blades
  3432 | D:4      | Found a glowing drain.
  3433 | D:4      | Found Biyqi's Magic Scroll Boutique.
  3484 | D:4      | Bought a scroll of identify for 20 gold pieces
  3514 | Sewer    | Entered a sewer
  4060 | Sewer    | Reached XP level 7. HP: 10/52 MP: 1/7
  4060 | Sewer    | HP: 1/52 [bullfrog (5)]
  4065 | Sewer    | Slain by a bullfrog

Illustrated notes

Levels and vault maps discovered:
D:1:      shiori_arrival_elements, layout_basic,
          amcnicky_mini_rare_corridor_liquid, minivault_27
D:2:      layout_loops_ring, minmay_small_reverse_x, uniq_sigmund
D:3:      layout_basic, pdpol_wu_jian_five_deadly_venoms, uniq_robin,
          uniq_crazy_yiuf_cottage
D:4:      layout_rooms, cheibrodos_sewer_entry_sluice, serial_shops, shop
Sewer:    sewer_minmay_w

Skill      XL: |  1  2  3  4  5  6 |
---------------+-------------------+-----
Dodging        | 3 |  3.3
Axes           | 3 4 |  4.3
Armour         | 1 2 |  2.8
Fighting       | 3 |  3.4
Throwing       | 2 |  2.0
Stealth        | 1 |  1.8
Long Blades    | 2 |  2.3

Action                     |  1- 3 |  4- 6 |  7- 9 || total
---------------------------+-------+-------+-------++-------
  Melee: War axe           |    86 |    70 |     2 ||   158
         Punch             |     1 |       |       ||     1
         Tailslap          |     9 |    29 |       ||    38
         Great sword       |       |   184 |       ||   184
  Throw: Throwing net      |     1 |     1 |       ||     2
         Javelin           |     1 |       |       ||     1
    Use: Scroll            |       |     8 |     2 ||    10
         Potion            |       |     1 |     2 ||     3
   Stab: Held in net/web   |     2 |     1 |       ||     3
 Armour: Leather armour    |    13 |       |       ||    13
         Plate armour      |    36 |   354 |    31 ||   421
  Dodge: Dodged            |    42 |   130 |     4 ||   176

Table legend: (Time is in decaauts)
 A = Elapsed time spent in this place.
 B = Non-inter-level travel time spent in this place.
 C = Inter-level travel time spent in this place.
 D = Time resting spent in this place.
 E = Time spent auto-exploring this place.
 F = Levels seen in this place.
 G = Mean time per level.
                   A        B        C        D        E       F      G
               +--------+--------+--------+--------+--------+-----+--------+
         Total |   4273 |   4273 |      0 |    802 |      0 |   5 |  854.6 |
       Dungeon |   3637 |   3637 |      0 |    541 |      0 |   4 |  909.2 |
         Sewer |    636 |    636 |      0 |    261 |      0 |   1 |  636.0 |
               +--------+--------+--------+--------+--------+-----+--------+

Top non-repeatable levels by time:
     D:3: 1513 daAuts
     D:1: 1087 daAuts
     D:2: 931 daAuts
   Sewer: 636 daAuts
     D:4: 104 daAuts
